 Dungeon Crawl Stone Soup version 0.21.1-1-g345015fe64 (webtiles) character file.

480 SWATDuck the Chopper (level 6, -5/57 HPs)
             Began as a Deep Dwarf Fighter on July 25, 2018.
             Was an Initiate of Makhleb.
             Slain by Crazy Yiuf
             ... wielding a +3 quarterstaff of chaos
              (9 damage)
             ... on level 4 of the Dungeon.
             The game lasted 00:07:40 (2449 turns).

SWATDuck the Chopper (Deep Dwarf Fighter)           Turns: 2449, Time: 00:07:41

Health: -5/57      AC:  0    Str: 22    XL:     6   Next: 86%
Magic:  0/0        EV: 17    Int:  8    God:    Makhleb [......]
Gold:   70         SH:  0    Dex: 17    Spells: 5/5 levels left

rFire    . . .     SeeInvis .   (weapon currently unavailable)
rCold    . . .     Gourm    .   (shield currently unavailable)
rNeg     . . .     Faith    .   (armour currently unavailable)
rPois    .         Spirit   .   (helmet currently unavailable)
rElec    .         Reflect  .   (cloak currently unavailable)
rCorr    .         Harm     .   (gloves currently unavailable)
MR       .....                  (boots currently unavailable)
Stlth    ++........             (no amulet)
HPRegen  0.00/turn              (ring currently unavailable)
MPRegen  0.07/turn              (ring currently unavailable)

@: bat-form, flying, non-regenerating, hasted, drained, very quick
A: tiny, damage resistance, heal wounds, sense surroundings 1, no regeneration
a: Heal Wounds, Renounce Religion


You were on level 4 of the Dungeon.
You worshipped Makhleb.
Makhleb was noncommittal.
You were hungry.
You were in bat-form.
You visited 2 branches of the dungeon, and saw 5 of its levels.

You collected 70 gold pieces.

Inventory:

Hand Weapons
 a - a +0 war axe (melded)
Armour
 c - a +0 shield (melded)
 t - a +0 scale mail (melded)
Jewellery
 k - an uncursed amulet of the gourmand {unknown}
Wands
 g - a wand of polymorph (12)
 q - a wand of digging (15)
Scrolls
 b - a scroll of enchant armour {unknown}
 e - 7 scrolls of teleportation {unknown}
 h - 6 scrolls of magic mapping {unknown}
 i - 2 scrolls of blinking {unknown}
 j - a scroll of fog {unknown}
 l - a scroll of random uselessness {unknown}
 m - 2 scrolls of enchant weapon {unknown}
 o - a scroll of remove curse {unknown}
 p - a scroll of amnesia {unknown}
 r - 3 scrolls of immolation {unknown}
 s - a scroll of fear {unknown}
 v - a scroll of identify {unknown}
Potions
 d - a potion of might
 n - a potion of curing
 u - a potion of cancellation {unknown}
Comestibles
 f - 5 rations


   Skills:
 + Level 3.9(3.7) Fighting
 * Level 5.4(5.1) Axes
 + Level 4.7(4.4) Armour
 + Level 4.8(4.5) Shields


You had 5 spell levels left.
You didn't know any spells.

Dungeon Overview and Level Annotations

Branches:
Dungeon (4/15)             Temple (1/1) D:4

Altars:
Cheibriados
Elyvilon
Gozag
Hepliaklqana
Makhleb
Nemelex Xobeh
Okawaru
Trog
Uskayaw
Wu Jian
Xom
Zin

Annotations:
D:4 Crazy Yiuf


Innate Abilities, Weirdness & Mutations

You are resistant to damage.
You can heal yourself by infusing magical energy.
You passively map a small area around you.
You do not regenerate.


Message History

You hit Crazy Yiuf but do no damage.
Crazy Yiuf is moderately wounded.
Crazy Yiuf says, "Gnoll!"
Crazy Yiuf hits you with a quarterstaff of chaos!
* * * LOW HITPOINT WARNING * * *
You hit Crazy Yiuf but do no damage.
Crazy Yiuf is moderately wounded.
Crazy Yiuf glowers.
Crazy Yiuf barely misses you.
You hit Crazy Yiuf but do no damage.
Crazy Yiuf is moderately wounded.
You hit Crazy Yiuf.
Crazy Yiuf is heavily wounded.
Crazy Yiuf hits you with a quarterstaff of chaos!
* * * LOW HITPOINT WARNING * * *
You feel yourself speed up.
You hit Crazy Yiuf but do no damage.
Crazy Yiuf is heavily wounded.
Crazy Yiuf hits you with a quarterstaff of chaos!
You die...

#....# #.#
♣P...♣ #.#
♣♣.P)♣ #.#
♣♣)♣♣
#####.###
♣♣)♣
*#.......#
♣)♣♣
#.##.......#
♣♣)♣
#...........
♣)♣♣
#.##.>.....#
#b#* #
#####.###
#)g)# #.#
#)))# #.#
#).)# ,*
*#+#* #####
** , ,* *


You could see Crazy Yiuf.

Vanquished Creatures
  An ogre (D:4)
  A bullfrog (D:3)
  A hound (D:4)
  An iguana (D:3)
  Natasha (thrice) (D:2)
  3 adders
  8 gnolls
  An ooze (D:2)
  An adder skeleton (D:4)
  3 dart slugs
  3 leopard geckos
  4 orcs (D:3)
  9 bats
  5 giant cockroaches
  8 hobgoblins
  3 jackals (D:1)
  A quokka (D:2)
  4 frilled lizards
  10 goblins
  9 kobolds
  A quokka skeleton (D:4)
  9 rats
89 creatures vanquished.

Notes
Turn   | Place    | Note
-------+----------+-------------------------------------------
     0 | D:1      | SWATDuck the Deep Dwarf Fighter began the quest for the Orb.
     0 | D:1      | Reached XP level 1. HP: 20/20 MP: 1/1
    38 | D:1      | Reached XP level 2. HP: 22/27 MP: 2/2
   348 | D:1      | Reached skill level 3 in Axes
   367 | D:1      | Reached XP level 3. HP: 21/33 MP: 3/3
   640 | D:2      | Found an iron altar of Okawaru.
   664 | D:2      | Reached XP level 4. HP: 37/42 MP: 3/3
  1007 | D:2      | Noticed Natasha
  1020 | D:2      | Killed Natasha
  1020 | D:2      | Reached skill level 4 in Axes
  1020 | D:2      | Reached XP level 5. HP: 38/49 MP: 4/4
  1092 | D:2      | Noticed Natasha
  1134 | D:2      | Killed Natasha
  1161 | D:2      | Noticed Natasha
  1172 | D:2      | Killed Natasha
  1386 | D:3      | Found a white marble altar of Elyvilon.
  1714 | D:3      | Reached XP level 6. HP: 5/57 MP: 4/4
  1916 | D:3      | Reached skill level 5 in Axes
  2117 | D:4      | Found a staircase to the Ecumenical Temple.
  2133 | Temple   | Entered the Ecumenical Temple
  2231 | Temple   | Became a worshipper of Makhleb the Destroyer
  2347 | D:4      | Found a runed door.
  2432 | D:4      | Noticed Crazy Yiuf
  2449 | D:4      | Slain by Crazy Yiuf

Skill      XL: |  1  2  3  4  5  6 |
---------------+-------------------+-----
Axes           | 3 4 5 |  5.4
Fighting       | 3 |  3.9
Armour         | 4 |  4.7
Shields        | 4 |  4.8

Action                   |  1- 3 |  4- 6 || total
-------------------------+-------+-------++-------
Melee: War axe           |    93 |   197 ||   290
       Unarmed           |       |    12 ||    12
 Abil: Heal Wounds       |     2 |     9 ||    11
  Eat: Chunk             |       |     5 ||     5
Armor: Scale mail        |    46 |   101 ||   147
       Skin              |       |     6 ||     6
Dodge: Dodged            |    56 |    81 ||   137
Block: Shield            |    69 |   145 ||   214
